[Event "26th OIBM 2023"]
[Site "Gmund am Tegernsee"]
[Date "2023.11.01"]
[Round "5.9"]
[White "Golubka, Petro"]
[Black "Karsay, Pascal"]
[Result "1-0"]
[ECO "C78"]
[WhiteElo "2434"]
[BlackElo "2301"]
[Annotator "ChessBase"]
[PlyCount "67"]
[EventDate "2023.10.04"]
[EventType "swiss"]
[EventCountry "GER"]
[SourceTitle "playchess.com"]
[Source "ChessBase"]
[SourceQuality "1"]
[TimeControl "40/5400+30:1800+30"]

1. e4 e5 2. Nf3 Nc6 3. Bb5 a6 4. Ba4 Nf6 5. O-O b5 6. Bb3 Bc5 7. a4 Bb7 8. d3 O-O 9. axb5 axb5 10. Rxa8 Bxa8 11. Na3 Na5 12. Nxe5 Nxb3 13. cxb3 d5 14. Nxb5 dxe4 15. d4 Bb6 16. Nc4 Nd5 17. Nc3 f5 18. Nxd5 Bxd5 19. Bf4 Bxc4 20. bxc4 Bxd4 21. b4 c5 22. Qb3 Qb6 23. b5 h6 24. h4 Kh7 25. Qg3 Rf7 26. h5 Ra7 27. Bb8 Ra2 28. Be5 g5 29. Bxd4 cxd4 30. Qe5 Re2 31. Qxf5+ Kg7 32. Ra1 e3 33. fxe3 dxe3 34. c5 1-0

[Event "26th OIBM 2023"]
[Site "Gmund am Tegernsee"]
[Date "2023.11.01"]
[Round "5.10"]
[White "Weishaeutel, Moritz"]
[Black "Goldbeck, Lars"]
[Result "1-0"]
[ECO "B13"]
[WhiteElo "2403"]
[BlackElo "2272"]
[Annotator "ChessBase"]
[PlyCount "77"]
[EventDate "2023.10.04"]
[EventType "swiss"]
[EventCountry "GER"]
[SourceTitle "playchess.com"]
[Source "ChessBase"]
[SourceQuality "1"]
[TimeControl "40/5400+30:1800+30"]

1. e4 c6 2. d4 d5 3. exd5 cxd5 4. c4 Nf6 5. Nc3 Nc6 6. Nf3 Bg4 7. cxd5 Nxd5 8. Qb3 Bxf3 9. gxf3 e6 10. Qxb7 Nxd4 11. Bb5+ Nxb5 12. Qc6+ Ke7 13. Qc5+ Nd6 14. Nxd5+ Kd7 15. Nc3 Qb6 16. Qh5 Be7 17. O-O Ke8 18. Rd1 Nf5 19. Nd5 Qb7 20. Nxe7 Kxe7 21. b3 Rhd8 22. Ba3+ Kf6 23. Bb2+ Ke7 24. Re1 g6 25. Qg5+ Ke8 26. Qf6 Qe7 27. Qh8+ Qf8 28. Qxh7 Rd2 29. Bf6 Rc8 30. Rac1 Kd7 31. Rxc8 Kxc8 32. Rc1+ Kb7 33. Be5 Nd4 34. Rc7+ Kb6 35. Rxf7 Nxf3+ 36. Rxf3 Qxf3 37. Qc7+ Kb5 38. Qc4+ Kb6 39. Qb4+ 1-0

[Event "26th OIBM 2023"]
[Site "Gmund am Tegernsee"]
[Date "2023.11.01"]
[Round "5.11"]
[White "Bauer, Christian"]
[Black "Wyss, Jonas"]
[Result "1-0"]
[ECO "A16"]
[WhiteElo "2552"]
[BlackElo "2265"]
[Annotator "TA"]
[PlyCount "93"]
[EventDate "2023.10.04"]
[EventType "swiss"]
[EventCountry "GER"]
[SourceTitle "playchess.com"]
[Source "ChessBase"]
[SourceQuality "1"]
[TimeControl "40/5400+30:1800+30"]

1. Nf3 Nf6 2. c4 g6 3. Nc3 d5 4. cxd5 Nxd5 5. h4 Bg7 6. h5 {[%emt 0:00:58] A16: English Opening: 1...Nf6 with ...d5.} Nc6 7. g3 Bf5 {[%emt 0:11:05] [#] Hoping for ...Ncb4.} 8. Qa4 $146 {[%emt 0:09:30] The position is equal.} ({Predecessor:} 8. Bg2 Ncb4 9. O-O Nxc3 10. bxc3 Bc2 11. Qe1 Be4 12. Qd1 Bc2 13. Qe1 Be4 14. Qd1 Bc2 15. Qe1 Be4 16. Qd1 {½-½ Shankland,S (2666)-Zherebukh,Y (2605) USA-ch Saint Louis 2017 (4)}) 8... Nb6 9. Qb3 Bg4 10. h6 Bf6 11. Ne4 e5 12. Bh3 Bxh3 13. Rxh3 Be7 14. d3 Qd7 15. Rh1 O-O-O 16. Be3 f5 17. Nc3 Bf6 18. Rc1 {[%emt 0:01:34] [#]} e4 19. dxe4 $11 Bxc3+ {[%emt 0:00:16][%mdl 64] Remove Defender} 20. Qxc3 fxe4 21. Ne5 Nxe5 22. Qxe5 Nc4 {[%emt 0:00:59][%mdl 64] Deflection, Back Rank} 23. Qc5 {[%emt 0:05:16] Some like it hot. Active counter play!} Nxe3 (23... Nxb2 24. Kf1 b6 25. Qb4 $18) 24. Qxe3 Rhe8 25. Rh4 Kb8 26. Kf1 Qd2 {[%emt 0:02:33] [#]} (26... Qe6 $11) 27. Qxd2 $1 $16 Rxd2 28. Rc4 Rxb2 $2 {[%emt 0:01:04][%mdl 8192] A mistake that costs the game.} (28... Kc8 $16) 29. Rhxe4 $18 Rxe4 (29... Rc8 30. Re7 Rxa2 31. Rxh7 Rd2) 30. Rxe4 $16 {[%emt 0:00:08][%cal Re4e8][%mdl 4096] Endgame KR-KR} c5 31. Re8+ Kc7 32. Re7+ Kb6 33. Rxh7 c4 {[%emt 0:00:30] [#]} 34. Rc7 $3 {[%emt 0:07:33][%mdl 576] Clearance, Promotion} Kxc7 $18 {[%emt 0:05:21] KR-KP} 35. h7 Rb1+ 36. Kg2 Rb6 37. h8=Q {[%emt 0:00:07] KQ-KR} (37. h8=R $2 Ra6 38. Kf3 Rxa2 39. Rh7+ Kc6 $19) 37... Rc6 38. Qc3 Kb6 39. f4 Kb5 40. g4 {[%emt 0:00:52] And now f5 would win.} Ka4 41. f5 gxf5 42. gxf5 b5 43. f6 b4 44. Qc2+ Ka3 45. f7 Rc8 {[%emt 0:00:27] [#]} 46. f8=Q $1 Rxf8 47. Qxc4 {[%emt 0:00:00] Excellently played by Bauer!   Weighted Error Value: White=0.07 (flawless) /Black=0.30} 1-0

[Event "26th OIBM 2023"]
[Site "Gmund am Tegernsee"]
[Date "2023.11.01"]
[Round "5.12"]
[White "Andrade, Ruben"]
[Black "Meissner, Felix"]
[Result "0-1"]
[ECO "B90"]
[WhiteElo "1797"]
[BlackElo "2382"]
[Annotator "ChessBase"]
[PlyCount "80"]
[EventDate "2023.10.04"]
[EventType "swiss"]
[EventCountry "GER"]
[SourceTitle "playchess.com"]
[Source "ChessBase"]
[SourceQuality "1"]
[TimeControl "40/5400+30:1800+30"]

1. e4 c5 2. Nf3 d6 3. d4 cxd4 4. Nxd4 Nf6 5. Nc3 a6 6. Bd3 Nc6 7. Nxc6 bxc6 8. O-O g6 9. f3 Qb6+ 10. Kh1 Bg7 11. Na4 Qc7 12. Be3 Nd7 13. c4 c5 14. Nc3 e6 15. Rb1 O-O 16. Qd2 Ne5 17. Be2 Nc6 18. Rfc1 Rb8 19. Nd1 Nd4 20. Bf1 Bb7 21. b4 f5 22. Nf2 Rf7 23. a3 Rbf8 24. Bxd4 Bxd4 25. exf5 gxf5 26. b5 Rg7 27. Nd3 e5 28. Ne1 e4 29. f4 e3 30. Qe2 Rg4 31. bxa6 Bc6 32. Nd3 Qa5 33. Rb3 Qxa6 34. Ne1 Rxf4 35. Nf3 Re4 36. Rcb1 Qa8 37. Nxd4 cxd4 38. Qh5 Rh4 39. R3b2 Be4 40. Qh6 Bxg2+ 0-1

[Event "26th OIBM 2023"]
[Site "Gmund am Tegernsee"]
[Date "2023.11.01"]
[Round "5.13"]
[White "Deglmann, Ludwig"]
[Black "Lagarde, Maxime"]
[Result "1/2-1/2"]
[ECO "A20"]
[WhiteElo "2243"]
[BlackElo "2626"]
[Annotator "TA"]
[PlyCount "40"]
[EventDate "2023.10.04"]
[EventType "swiss"]
[EventCountry "GER"]
[SourceTitle "playchess.com"]
[Source "ChessBase"]
[SourceQuality "1"]
[TimeControl "40/5400+30:1800+30"]

1. c4 e5 2. g3 c6 3. d4 e4 4. a3 d5 5. Nc3 Nf6 6. Bg2 {[%emt 0:00:42] A20: English Opening: 1...e5.} dxc4 7. f3 exf3 $1 8. Nxf3 Nbd7 9. e4 Nb6 10. O-O h6 {[%emt 0:00:21] [#]} 11. h3 $146 ({Predecessor:} 11. Ne5 Be6 12. Be3 Bd6 13. Nf3 Bc7 14. Kh1 Qe7 15. Qc2 O-O 16. Rae1 Rae8 17. d5 cxd5 18. Bxb6 dxe4 19. Bxa7 exf3 20. Bxf3 {0-1 Janoszka,A (2353)-Lagarde,M (2655) Zuerich op 43rd 2019 (7)}) 11... Be6 12. Kh2 {[%emt 0:04:22][%mdl 1024] White has compensation.} Be7 13. Be3 O-O 14. a4 Nc8 15. Qe2 Re8 16. Rad1 Bf8 17. Nh4 Nh7 18. Qh5 (18. Qf2 $14 Qf6 19. Qc2) 18... Nf6 $11 19. Qe2 (19. Qf3 $11) 19... Nh7 $14 20. Qh5 (20. Qf3 $14 Qe7 21. Qe2) 20... Nf6 {[%emt 0:00:32] A rather calm draw.   Weighted Error Value: White=0.12 (very precise) /Black=0.07 (flawless)} 1/2-1/2

[Event "26th OIBM 2023"]
[Site "Gmund am Tegernsee"]
[Date "2023.11.01"]
[Round "5.14"]
[White "Kurmangaliyeva, Liya"]
[Black "Petrov, Nikita"]
[Result "0-1"]
[ECO "A96"]
[WhiteElo "2236"]
[BlackElo "2551"]
[Annotator "TA"]
[PlyCount "104"]
[EventDate "2023.10.04"]
[EventType "swiss"]
[EventCountry "GER"]
[SourceTitle "playchess.com"]
[Source "ChessBase"]
[SourceQuality "1"]
[TimeControl "40/5400+30:1800+30"]

1. d4 f5 2. c4 Nf6 3. Nf3 e6 4. g3 Be7 5. Bg2 O-O 6. O-O d6 7. Nc3 Ne4 8. Qc2 Nxc3 9. bxc3 Nc6 {[%emt 0:02:54] A96: Classical Dutch: Fluid Systems: Early deviations.} 10. d5 Na5 11. dxe6 c5 {[%emt 0:38:30] Wards off Nd4. The position is equal.} 12. e4 Bxe6 13. Re1 Nc6 (13... Kh8 $11) 14. Be3 (14. Bf4 $5 ) 14... Qa5 {[%emt 0:14:52] [#]} 15. Bg5 $146 ({Predecessor:} 15. Bh3 Bxc4 16. Nd2 Bf7 17. exf5 d5 18. Nb3 Qa4 19. Rad1 b6 20. Bg2 Rad8 21. Bf4 {0-1 Kononen,K (2255)-Jarvenpaa,J (2242) FIN-chT 2324 2023 (1.4)}) 15... Rae8 16. exf5 Bxf5 (16... Bxc4 17. Nd2 Bxg5 18. Nxc4 $16) 17. Qd2 Qd8 18. Bxe7 Rxe7 19. Nh4 (19. Rxe7 {simplifies} Nxe7 20. Re1 Rf6 21. Nh4) 19... Bc8 20. Be4 Kh8 21. Re2 (21. f4 {simplifies} Rfe8 22. Bd5 Bg4 23. Rxe7 Rxe7 24. Re1) 21... Ne5 22. f4 (22. Bd5 $11 {remains equal.}) 22... Nxc4 $17 23. Qd5 {[%emt 0:01:33] And now Qh5 would win.} Bg4 {[%emt 0:01:01] Dodges Qh5} 24. Ree1 (24. Qxc4 $2 Bxe2 25. Qxe2 Qe8 $19) 24... Rfe8 {[%emt 0:01:14] White must now prevent ...Nb6.} 25. Kf2 $2 (25. Qxc4 $15 d5 26. Qxc5) 25... Nb6 $2 (25... Qb6 $1 $19 26. Rab1 (26. Qxc4 $2 Qb2+ 27. Kg1 Rxe4 $19) 26... Qa6) 26. Qg5 d5 $36 {[%emt 0:00:19][%mdl 2048] Black is really pushing.} 27. Bd3 {[%emt 0:01:20] [#]} c4 $1 {[%emt 0:00:47] The board is on fire.} 28. Bf1 {[%emt 0:00:26] [#]} (28. Bf5 $17 Re2+ {[%mdl 64] Skewer} 29. Rxe2 Rxe2+ 30. Kg1 Qxg5 31. fxg5 Bxf5 32. Nxf5) 28... Bc8 (28... Be6 $1 $19 {has better winning chances. aiming for ...Nd7.} 29. f5 Bd7 30. Rxe7 Rxe7) 29. Nf3 $2 (29. Rxe7 $17 Qxe7 30. Qxe7 Rxe7 31. Bg2) 29... h6 30. Qh4 (30. Qg6) 30... Na4 $19 31. Ne5 {[%emt 0:00:51] Ng6+ would be deadly.} Kg8 ({Stronger than} 31... Nxc3 32. Ng6+ Kh7 33. Rxe7 $17 (33. Nxe7 Ne4+ 34. Kg2 Rxe7 $17)) (31... Qb6+ $2 32. Kg2 Kh7 33. Kh1) 32. Kg2 Nxc3 {[%emt 0:00:43] Threatens to win with ...Bf5.} 33. Rac1 (33. Qh5 $142) 33... Nxa2 34. Rcd1 Nc3 35. Rc1 {[%emt 0:01:11] [#]} Qb6 $1 36. g4 (36. Kh1 Qf2) 36... Qb2+ 37. Kh1 (37. Qf2 $142 Qxf2+ 38. Kxf2) 37... Ne4 {[%emt 0:00:40] Black is clearly winning.} 38. Bg2 b5 39. Rf1 a6 40. Rcd1 Rxe5 41. fxe5 Qxe5 42. g5 hxg5 43. Qh5 Re7 {[%emt 0:00:00] ...Bf5 is the strong threat.} 44. Rde1 Bf5 45. Qf3 g6 {[%emt 0:00:00] Hoping for ...Rh7.} 46. Qa3 Rh7 47. h3 Qe6 48. Re3 g4 49. Bxe4 Bxe4+ 50. Kg1 Qe7 (50... gxh3 $2 51. Qf8#) 51. Qxa6 Rxh3 {[%emt 0:00:00] ( -> ...Rh1+)} ({Not} 51... gxh3 52. Qa8+ Kg7 53. Qa1+ c3 54. Qxc3+ Kg8 55. Qc8+ Kg7 56. Qc3+ Kg8 57. Qc8+ Kg7 58. Qc3+ $11) 52. Qa8+ Kg7 {[%emt 0:00:38] A cool game by Petrov.   Weighted Error Value: White=0.63/Black=0.22 (precise)} 0-1

[Event "26th OIBM 2023"]
[Site "Gmund am Tegernsee"]
[Date "2023.11.01"]
[Round "5.15"]
[White "Van Foreest, Lucas"]
[Black "Hainke, Guntram"]
[Result "1-0"]
[ECO "D37"]
[WhiteElo "2540"]
[BlackElo "2266"]
[Annotator "TA"]
[PlyCount "87"]
[EventDate "2023.10.04"]
[EventType "swiss"]
[EventCountry "GER"]
[SourceTitle "playchess.com"]
[Source "ChessBase"]
[SourceQuality "1"]
[TimeControl "40/5400+30:1800+30"]

1. c4 e6 2. Nc3 d5 3. d4 a6 4. cxd5 exd5 5. Nf3 Nf6 6. Bg5 {[%emt 0:00:10] D37: Queen's Gambit Declined: 5 Bf4.} Be6 7. Bxf6 Qxf6 8. Qb3 {[%emt 0:00:04][%csl LRb7,LRd5] The position is equal.} b6 9. g3 (9. Nxd5 Qd8 10. e4 c6 $15) 9... Qd8 10. Bg2 {[%emt 0:02:05] [#]} (10. Ne5 $5 ) 10... Be7 $146 ({Predecessor:} 10... Nc6 11. O-O Be7 12. Rfd1 O-O 13. Rac1 Bf6 14. e3 Ne7 15. Qc2 g6 16. b4 Bg7 {0-1 Yilmaz,M (2595)-Andreikin,D (2741) EU-chT 22nd Batumi 2019 (4.3)}) 11. Ne5 {[%emt 0:04:14][%cal Rg2d5] White is more active.} c6 12. Rc1 O-O 13. Na4 b5 $1 14. Nc5 Bxc5 15. Rxc5 Qa5+ 16. Rc3 (16. Kf1 {simplifies} Nd7 17. Nxd7 Bxd7 18. e3) 16... c5 17. dxc5 d4 {[%emt 0:00:23] Loses the game.} (17... Qc7 $1 $11 {and Black is okay.} 18. Nf3 (18. Bxd5 Qxe5 19. Bxe6 fxe6 $17) 18... d4) 18. Qa3 $18 Qc7 19. Rc1 (19. Bxa8 $6 dxc3 20. Qxc3 b4 $16) 19... Ra7 20. Nd3 Nc6 21. O-O a5 22. Nf4 b4 23. Qa4 Ne5 24. Rfd1 Rd8 25. Nxe6 fxe6 26. Qc2 Qf7 27. Qe4 {[%emt 0:00:27] Prevents Ng4.} Qf6 28. c6 {[%emt 0:01:12] [#] And now c7 would win.} (28. Rxd4 $2 {too greedy.} Rxd4 29. Qb1 (29. Qxd4 $2 Nf3+ {[%mdl 64] Discovered Attack} 30. exf3 Qxd4 $19) 29... Rc7 $19) 28... Rc7 29. Rc5 {[%emt 0:00:19][%cal Bc1c5,Bc5a5,Ba5b5][%mdl 32] Against Rd5} (29. Rxd4 $2 {perishes.} Rxd4 30. Qb1 (30. Qxd4 $2 {is the wrong capture.} Nf3+ {[%mdl 64] Discovered Attack} 31. Bxf3 Qxd4 $19) 30... Rd2 $19) 29... Nf7 30. Rxa5 e5 31. Qh4 g5 32. Qe4 Rd6 33. Rc1 {[%emt 0:01:30][%cal Bd1c1,Bc1c5,Bc5b5,Bb5b7,Bb7b8,Bb8b6][%mdl 32] White is clearly winning.} Kg7 34. Rb5 Re6 35. Rb7 Ree7 36. Qd5 Nd6 37. Rxc7 Rxc7 38. Rc5 Nf7 39. Bf3 Kg6 (39... Nd6 $142 40. Qxe5 Qxe5 41. Rxe5 Kf6) 40. Rb5 Qe7 41. Be4+ Kf6 42. Rb7 {[%emt 0:00:47] [#] Qa5 is the strong threat.} Nd8 43. Rb8 Nxc6 {[%emt 0:00:00] Black is weak on the light squares} 44. Rb6 {[%emt 0:00:00] Weighted Error Value: White=0.18 (very precise) /Black=0.36} 1-0

[Event "26th OIBM 2023"]
[Site "Gmund am Tegernsee"]
[Date "2023.11.01"]
[Round "5.16"]
[White "Gallego Alcaraz, Andres Felipe"]
[Black "Stricker, Florian"]
[Result "1-0"]
[ECO "E66"]
[WhiteElo "2495"]
[BlackElo "2238"]
[Annotator "ChessBase"]
[PlyCount "43"]
[EventDate "2023.10.04"]
[EventType "swiss"]
[EventCountry "GER"]
[SourceTitle "playchess.com"]
[Source "ChessBase"]
[SourceQuality "1"]
[TimeControl "40/5400+30:1800+30"]

1. d4 d6 2. Nf3 Nf6 3. c4 g6 4. Nc3 Bg7 5. g3 O-O 6. Bg2 Nc6 7. O-O Bf5 8. d5 Na5 9. b3 c5 10. Bb2 Rb8 11. Nd2 a6 12. e4 Bd7 13. Qc2 b5 14. h3 Qc7 15. cxb5 axb5 16. f4 Rfc8 17. Ne2 c4 18. Rfc1 cxb3 19. Qxc7 Rxc7 20. Rxc7 Nxd5 21. exd5 Bxb2 22. Nxb3 1-0

[Event "26th OIBM 2023"]
[Site "Gmund am Tegernsee"]
[Date "2023.11.01"]
[Round "5.17"]
[White "Hedke, Fred"]
[Black "Meins, Gerlef"]
[Result "0-1"]
[ECO "B22"]
[WhiteElo "2231"]
[BlackElo "2412"]
[Annotator "ChessBase"]
[PlyCount "72"]
[EventDate "2023.10.04"]
[EventType "swiss"]
[EventCountry "GER"]
[SourceTitle "playchess.com"]
[Source "ChessBase"]
[SourceQuality "1"]
[TimeControl "40/5400+30:1800+30"]

1. e4 c5 2. c3 d5 3. exd5 Qxd5 4. d4 Nf6 5. Nf3 Bg4 6. Be2 e6 7. h3 Bh5 8. c4 Qd8 9. Nc3 cxd4 10. Qxd4 Nc6 11. Qxd8+ Rxd8 12. a3 Nd7 13. O-O Bxf3 14. Bxf3 Nde5 15. Bxc6+ bxc6 16. b3 Bc5 17. Bb2 Nd3 18. Na4 Bd4 19. Bxd4 Rxd4 20. Rfd1 e5 21. Kf1 Ke7 22. g3 Rhd8 23. Rab1 f5 24. Ke2 g5 25. Nb2 Nc5 26. Rxd4 Rxd4 27. Nd1 Ne4 28. Rb2 Ke6 29. Rc2 f4 30. Nc3 fxg3 31. Nxe4 Rxe4+ 32. Kf3 gxf2 33. Kxf2 Rf4+ 34. Kg2 e4 35. b4 Rf3 36. a4 Ra3 0-1

[Event "26th OIBM 2023"]
[Site "Gmund am Tegernsee"]
[Date "2023.11.01"]
[Round "5.18"]
[White "Schachinger, Mario"]
[Black "Boehmer, Christian"]
[Result "1-0"]
[ECO "D31"]
[WhiteElo "2385"]
[BlackElo "2178"]
[Annotator "ChessBase"]
[PlyCount "51"]
[EventDate "2023.10.04"]
[EventType "swiss"]
[EventCountry "GER"]
[SourceTitle "playchess.com"]
[Source "ChessBase"]
[SourceQuality "1"]
[TimeControl "40/5400+30:1800+30"]

1. d4 d5 2. c4 e6 3. Nc3 c6 4. e4 dxe4 5. Nxe4 Bb4+ 6. Bd2 Qxd4 7. Bxb4 Qxe4+ 8. Be2 Na6 9. Bc3 Ne7 10. Nf3 O-O 11. O-O f6 12. Qd2 c5 13. a3 Nc6 14. Bd3 Qg4 15. b4 cxb4 16. axb4 Rd8 17. Rfb1 e5 18. Qc2 Rxd3 19. Qxd3 Bf5 20. Qd5+ Be6 21. Qd2 Rd8 22. Qe1 Ne7 23. Rd1 Rxd1 24. Rxd1 Bxc4 25. Bxe5 Bd5 26. Bxf6 1-0

[Event "26th OIBM 2023"]
[Site "Gmund am Tegernsee"]
[Date "2023.11.01"]
[Round "5.19"]
[White "Imnadze, Nato"]
[Black "Manish Anto Cristiano F"]
[Result "1/2-1/2"]
[ECO "D02"]
[WhiteElo "2207"]
[BlackElo "2368"]
[Annotator "ChessBase"]
[PlyCount "75"]
[EventDate "2023.10.04"]
[EventType "swiss"]
[EventCountry "GER"]
[SourceTitle "playchess.com"]
[Source "ChessBase"]
[SourceQuality "1"]
[TimeControl "40/5400+30:1800+30"]

1. d4 Nf6 2. Nf3 e6 3. Bf4 c5 4. e3 Nc6 5. Nbd2 d5 6. c3 h6 7. Bd3 Nh5 8. Be5 Be7 9. h3 Nxe5 10. Nxe5 Nf6 11. f4 Bd7 12. O-O O-O 13. g4 Be8 14. Kh1 Nd7 15. Ndf3 Nxe5 16. Nxe5 f6 17. Ng6 Bxg6 18. Bxg6 Qd6 19. Bc2 e5 20. dxc5 Qxc5 21. Qd3 e4 22. Qd2 f5 23. b4 Qd6 24. Rfd1 Rad8 25. Bb3 Qf6 26. Bxd5+ Kh8 27. Qe1 g5 28. Qg3 fxg4 29. Bxe4 gxf4 30. exf4 gxh3 31. Rxd8 Bxd8 32. Rg1 Bc7 33. Qg6 Qxg6 34. Rxg6 Bxf4 35. Bxb7 Bd2 36. Kh2 Bxc3 37. Rxh6+ Kg7 38. Rxh3 1/2-1/2

[Event "26th OIBM 2023"]
[Site "Gmund am Tegernsee"]
[Date "2023.11.01"]
[Round "5.20"]
[White "Brandt, Sebastian"]
[Black "Besou, Hussain"]
[Result "0-1"]
[ECO "E25"]
[WhiteElo "2188"]
[BlackElo "2351"]
[Annotator "ChessBase"]
[PlyCount "150"]
[EventDate "2023.10.04"]
[EventType "swiss"]
[EventCountry "GER"]
[SourceTitle "playchess.com"]
[Source "ChessBase"]
[SourceQuality "1"]
[TimeControl "40/5400+30:1800+30"]

1. d4 Nf6 2. c4 e6 3. Nc3 Bb4 4. f3 c5 5. a3 Bxc3+ 6. bxc3 d5 7. cxd5 Nxd5 8. dxc5 Nd7 9. e4 N5f6 10. Be3 Qa5 11. Qd4 O-O 12. Ne2 e5 13. Qb4 Qc7 14. c4 Nb8 15. Nc3 Nc6 16. Qb5 Bd7 17. Nd5 Nxd5 18. cxd5 Nd4 19. Qc4 Qa5+ 20. Bd2 Qd8 21. Be3 Qa5+ 22. Kf2 f5 23. Bxd4 exd4 24. Qxd4 fxe4 25. Be2 Rae8 26. Rhc1 e3+ 27. Kf1 Bb5 28. Qb4 Bxe2+ 29. Kxe2 Qa6+ 30. Qc4 Qg6 31. d6+ Kh8 32. Qg4 Qxg4 33. fxg4 Rf2+ 34. Kd3 Rd2+ 35. Kc3 Rc8 36. Kb4 e2 37. Re1 Kg8 38. Rac1 Kf7 39. Rc4 Re8 40. Rf4+ Kg6 41. Rf2 Re3 42. Kc4 h6 43. a4 Re4+ 44. Kc3 Rd5 45. Rfxe2 Rxc5+ 46. Kb3 Rd4 47. Re6+ Kh7 48. Re7 Rxd6 49. Rxb7 a5 50. Re2 Rd3+ 51. Kb2 Rd4 52. Kb3 Rxg4 53. h3 Rg3+ 54. Kb2 Rcg5 55. Rb5 Rxg2 56. Rxg2 Rxg2+ 57. Kc3 Rg3+ 58. Kd4 Rxh3 59. Rxa5 h5 60. Re5 Kh6 61. Re3 Rh4+ 62. Re4 Rh1 63. a5 Ra1 64. Re6+ g6 65. Re5 h4 66. Rb5 g5 67. Ke4 Kh5 68. Kf3 Ra3+ 69. Kg2 h3+ 70. Kh2 Kh4 71. Rc5 g4 72. Kg1 Kg3 73. Rc1 h2+ 74. Kh1 Kh3 75. a6 g3 0-1

[Event "26th OIBM 2023"]
[Site "Gmund am Tegernsee"]
[Date "2023.11.01"]
[Round "5.21"]
[White "Zawadzka, Jolanta"]
[Black "Arnhold, Steffi"]
[Result "1-0"]
[ECO "B33"]
[WhiteElo "2342"]
[BlackElo "2142"]
[Annotator "ChessBase"]
[PlyCount "63"]
[EventDate "2023.10.04"]
[EventType "swiss"]
[EventCountry "GER"]
[SourceTitle "playchess.com"]
[Source "ChessBase"]
[SourceQuality "1"]
[TimeControl "40/5400+30:1800+30"]

1. e4 c5 2. Nf3 Nc6 3. d4 cxd4 4. Nxd4 Qb6 5. Nb3 Nf6 6. Nc3 e6 7. Qe2 Be7 8. Be3 Qc7 9. O-O-O a6 10. f4 d6 11. g4 b5 12. g5 Nd7 13. Kb1 Nb6 14. Qf2 Rb8 15. h4 b4 16. Ne2 a5 17. Ned4 Nxd4 18. Nxd4 Nc4 19. Bxc4 Qxc4 20. f5 e5 21. f6 gxf6 22. gxf6 Bf8 23. b3 Qa6 24. Nf5 Bxf5 25. Qxf5 a4 26. Rh2 Qc6 27. Rd5 Rc8 28. bxa4 Rg8 29. Rhd2 Rg3 30. Bb6 Qc3 31. Rxe5+ dxe5 32. Qd7# 1-0

[Event "26th OIBM 2023"]
[Site "Gmund am Tegernsee"]
[Date "2023.11.01"]
[Round "5.22"]
[White "Koehler, Christian Friedrich"]
[Black "Dolzhykova, Kateryna"]
[Result "1/2-1/2"]
[ECO "E91"]
[WhiteElo "2181"]
[BlackElo "2336"]
[Annotator "ChessBase"]
[PlyCount "91"]
[EventDate "2023.10.04"]
[EventType "swiss"]
[EventCountry "GER"]
[SourceTitle "playchess.com"]
[Source "ChessBase"]
[SourceQuality "1"]
[TimeControl "40/5400+30:1800+30"]

1. e4 c5 2. Nf3 d6 3. Bb5+ Bd7 4. c4 Nf6 5. Nc3 g6 6. d4 cxd4 7. Nxd4 Bg7 8. O-O O-O 9. Bxd7 Nfxd7 10. Be3 Nc6 11. Rc1 a6 12. b3 Re8 13. Qd2 Qa5 14. Nxc6 bxc6 15. Rfd1 f5 16. exf5 Qxf5 17. Ne2 Nf6 18. Ng3 Qd7 19. Bg5 Rad8 20. Qe3 Ng4 21. Qe2 h6 22. Be3 Nxe3 23. Qxe3 Kh7 24. b4 d5 25. cxd5 cxd5 26. Qb6 Qa4 27. Qa5 Qxa5 28. bxa5 d4 29. Rc6 Rd6 30. Rb6 Rc8 31. Ne4 Rdc6 32. Kf1 Kg8 33. Ke2 Kf7 34. Kd3 Rc4 35. Rxa6 Ra4 36. Rd2 Rc1 37. Ra8 Re1 38. Nc5 Ra3+ 39. Nb3 Rc1 40. Ke4 Rc4 41. Kd5 Rca4 42. Nxd4 Bxd4 43. Rxd4 Rxa5+ 44. Rxa5 Rxa5+ 45. Ke4 Rxa2 46. Ke3 1/2-1/2

[Event "26th OIBM 2023"]
[Site "Gmund am Tegernsee"]
[Date "2023.11.01"]
[Round "5.23"]
[White "Chassard, Cedric"]
[Black "Ernst, Robert"]
[Result "1/2-1/2"]
[ECO "B48"]
[WhiteElo "2326"]
[BlackElo "2093"]
[Annotator "ChessBase"]
[PlyCount "53"]
[EventDate "2023.10.04"]
[EventType "swiss"]
[EventCountry "GER"]
[SourceTitle "playchess.com"]
[Source "ChessBase"]
[SourceQuality "1"]
[TimeControl "40/5400+30:1800+30"]

1. e4 c5 2. Nf3 e6 3. d4 cxd4 4. Nxd4 Nc6 5. Nc3 Qc7 6. Be3 a6 7. g4 h6 8. h4 Nf6 9. Nxc6 Qxc6 10. Bg2 Bb4 11. Bd4 Nxe4 12. O-O d5 13. Nxe4 dxe4 14. Bxg7 Rg8 15. Qd4 Qd6 16. Qf6 e5 17. g5 hxg5 18. Qxg5 Bd2 19. Bxe5 Bxg5 20. Bxd6 Bxh4 21. Rfe1 f5 22. Kf1 Be6 23. b3 O-O-O 24. Rad1 Rd7 25. Bh3 Rg6 26. Re3 b6 27. Ke2 1/2-1/2

[Event "26th OIBM 2023"]
[Site "Gmund am Tegernsee"]
[Date "2023.11.01"]
[Round "5.24"]
[White "Dorendorf, Hagen"]
[Black "Lavrencic, Matic"]
[Result "0-1"]
[ECO "E14"]
[WhiteElo "2175"]
[BlackElo "2319"]
[Annotator "ChessBase"]
[PlyCount "68"]
[EventDate "2023.10.04"]
[EventType "swiss"]
[EventCountry "GER"]
[SourceTitle "playchess.com"]
[Source "ChessBase"]
[SourceQuality "1"]
[TimeControl "40/5400+30:1800+30"]

1. d4 Nf6 2. c4 e6 3. Nf3 d5 4. Nc3 a6 5. e3 Nbd7 6. a3 b6 7. cxd5 exd5 8. Bd3 Bb7 9. O-O Bd6 10. b4 O-O 11. Bb2 Qe7 12. Re1 Ne4 13. Bxe4 dxe4 14. Nd2 f5 15. Nc4 Qf7 16. Nxd6 cxd6 17. Ne2 Bd5 18. Nf4 b5 19. Nxd5 Qxd5 20. Rc1 Nb6 21. Rc7 Nc4 22. Bc1 Rf7 23. Rxf7 Kxf7 24. Re2 g6 25. Rc2 Rc8 26. Qe2 Rc6 27. g4 Rc8 28. Rc3 Qe6 29. g5 Qe7 30. f4 exf3 31. Qxf3 Qxg5+ 32. Kh1 Qe7 33. Qd5+ Kg7 34. Qg2 Nxe3 0-1

[Event "26th OIBM 2023"]
[Site "Gmund am Tegernsee"]
[Date "2023.11.01"]
[Round "5.25"]
[White "Salzmann, Peter"]
[Black "Unuk, Laura"]
[Result "0-1"]
[ECO "D46"]
[WhiteElo "2160"]
[BlackElo "2313"]
[Annotator "ChessBase"]
[PlyCount "44"]
[EventDate "2023.10.04"]
[EventType "swiss"]
[EventCountry "GER"]
[SourceTitle "playchess.com"]
[Source "ChessBase"]
[SourceQuality "1"]
[TimeControl "40/5400+30:1800+30"]

1. d4 d5 2. e3 Nf6 3. c4 c6 4. Nc3 e6 5. Nf3 Nbd7 6. Bd3 Bd6 7. e4 dxc4 8. Bxc4 b5 9. Bd3 e5 10. O-O O-O 11. Bg5 h6 12. Be3 a6 13. dxe5 Nxe5 14. Nxe5 Bxe5 15. h3 Re8 16. Qc2 Bb7 17. Ne2 c5 18. Bxc5 Nxe4 19. Rad1 Qf6 20. Ba3 Rac8 21. Qb1 Nd2 22. Rxd2 Qg5 0-1